 Dungeon Crawl Stone Soup version 0.17-a0-1132-g5dd4065 (console) character file.

48 Monkaria the Skirmisher (level 3, -1/30 HPs)
             Began as a Demonspawn Chaos Knight on May 25, 2015.
             Slain by a gnoll
             ... wielding a +0 spear of flaming
              (6 damage)
             ... on level 1 of the Dungeon.
             The game lasted 00:01:07 (827 turns).

Monkaria the Skirmisher (Demonspawn Chaos Knight)    Turns: 827, Time: 00:01:07

Health: -1/30      AC:  6    Str: 13    XL:     3   Next: 50%
Magic:  3/3        EV: 11    Int: 13    God:    Xom [.*....]
Gold:   22         SH:  0    Dex: 12    Spells: 0 memorised, 2 levels left

rFire  . . .     SeeInvis .     a - +0 falchion (chaos)
rCold  . . .     Clarity  .     b - +2 leather armour
rNeg   . . .     SustAt   .     (no shield)
rPois  .         Gourm    .     (no helmet)
rElec  .         Spirit   .     h - +0 cloak
rCorr  .         Warding  .     (no gloves)
rMut   .         Stasis   .     (no boots)
MR     +....                    (no amulet)
Stlth  +.........               (no ring)
                                f - ring of protection from magic

@: somewhat resistant to hostile enchantments, very unstealthy
A: hooves 1
a: Renounce Religion


You were on level 1 of the Dungeon.
You worshipped Xom.
You were a plaything of Xom.
You were not hungry.

You visited 1 branch of the dungeon, and saw 2 of its levels.

You collected 22 gold pieces.

Inventory:

Hand weapons
 a - a +0 falchion of chaos (weapon)
Missiles
 g - 4 tomahawks (quivered)
Armour
 b - a +2 leather armour (worn)
 h - a +0 cloak (worn)
Jewellery
 f - a ring of protection from magic (left hand)
Scrolls
 d - a scroll of teleportation {unknown}
 e - 3 scrolls of identify {unknown}
 i - a scroll of enchant armour {unknown}
 j - a scroll of recharging {unknown}
Comestibles
 c - 2 bread rations


   Skills:
 - Level 4.0 Fighting
 + Level 3.3 Long Blades
 - Level 1.7 Armour
 - Level 0.8 Dodging


You had 2 spell levels left.
You didn't know any spells.

Dungeon Overview and Level Annotations

Branches:
Dungeon (2/15)

Altars:


Innate Abilities, Weirdness & Mutations

You have large cloven feet.


Message History

Unknown command.
The gnoll hits you with a spear of flaming.
The gnoll burns you.
Things that are here:
a whip; a gnoll corpse; a bat corpse You hit the gnoll.
You feel better.
The gnoll is lightly wounded.
The gnoll hits you with a spear of flaming.
* * * LOW HITPOINT WARNING * * *
The gnoll burns you.
* * * LOW HITPOINT WARNING * * *
Unknown command.
You hit the gnoll. You freeze the gnoll.
The gnoll is moderately wounded.
The gnoll closely misses you.
You barely miss the gnoll. You kick the gnoll, but do no damage.
The gnoll is moderately wounded.
The gnoll hits you with a spear of flaming.
You die... "Boring in life, boring in death..."

###############
#...........).#
#.###########.#
###.##### #.#
##.......#######.####
#....................
#).#g###.#######.####
#.g#@# #.# #.#...
#..#.# #.#######.#...
#..#.# #.............
#..#.# #########.##.#
#..#.# #.##.#
#..#.###########.##.#
#..#.............##.#
#......########.###.#
#..###.# #....#.....


You could see a gnoll.

Vanquished Creatures
  2 gnolls (D:1)
  2 giant geckos (D:1)
  3 bats (D:1)
  A hobgoblin (D:1)
  4 jackals (D:1)
  2 giant cockroaches (D:1)
  2 giant newts (D:1)
  3 goblins (D:1)
  3 kobolds (D:1)
  2 rats (D:1)
24 creatures vanquished.

Vanquished Creatures (collateral kills)
  A giant cockroach (D:1)
1 creature vanquished.

Vanquished Creatures (others)
  A rat (D:1)
1 creature vanquished.

Grand Total: 26 creatures vanquished

Notes
Turn   | Place    | Note
--------------------------------------------------------------
     0 | D:1      | Monkaria the Demonspawn Chaos Knight began the quest for the Orb.
     0 | D:1      | Reached XP level 1. HP: 18/18 MP: 1/1
     2 | D:1      | Noticed a demigod
     2 | D:1      | Noticed an elf
     4 | D:1      | Noticed a troll
     4 | D:1      | Noticed a dwarf
     6 | D:1      | Noticed a gargoyle
     8 | D:1      | Noticed an ogre
     8 | D:1      | Noticed a naga
    10 | D:1      | Noticed a formicid
    10 | D:1      | Noticed a draconian
    12 | D:1      | Noticed a ghoul
    12 | D:1      | Noticed a merfolk
    14 | D:1      | Noticed a minotaur
    16 | D:1      | Noticed an octopode
    16 | D:1      | Noticed a vampire
    18 | D:1      | Noticed a centaur
    18 | D:1      | Noticed a demonspawn
    20 | D:1      | Noticed a felid
    22 | D:1      | Noticed a tengu
    22 | D:1      | Noticed a human
    24 | D:1      | Noticed a spriggan
    24 | D:1      | Noticed a vine stalker
    78 | D:1      | XOM: divination: detect creatures
   148 | D:1      | Gained mutation: You have large cloven feet. [demonic ancestry]
   148 | D:1      | Reached XP level 2. HP: 17/24 MP: 2/2
   188 | D:1      | XOM: harmless Fire miscast
   316 | D:1      | XOM: silly message
   326 | D:1      | XOM: silly message
   373 | D:1      | XOM: confuse monster(s)
   471 | D:1      | XOM: harmless Tloc miscast
   473 | D:1      | Reached skill level 4 in Fighting
   661 | D:2      | XOM: divination: detect items
   671 | D:1      | Reached XP level 3. HP: 16/30 MP: 3/3
   827 | D:1      | Slain by a gnoll

Vault maps used:
D:1:      kb_arrival_jail
D:2:      nicolae_ru_great_annihilating_truth

Action                   || total
-------------------------++-------
Melee: Falchion          ||    81
 Stab: Sleeping          ||     1
       Paralysed         ||     1
